 Dungeon Crawl Stone Soup version 0.27-a0-1200-g94dc6ad4cf (webtiles) character file.

Game seed: 2065754688051084404

30 zezblit the Grasshopper (level 3, -1/32 HPs)
             Began as a Naga Warper on June 1, 2021.
             Slain by an adder (3 damage)
             ... on level 2 of the Dungeon.
             The game lasted 00:12:21 (1466 turns).

zezblit the Grasshopper (Naga Warper)               Turns: 1466, Time: 00:12:22

Health: -1/32      AC:  2    Str: 13    XL:     3   Next: 20%
Magic:  6/6        EV:  9    Int: 14    God:
Gold:   60         SH:  0    Dex: 10    Spells: 1/6 levels left

rFire    . . .     SeeInvis +   o - +0 lajatang (pain)
rCold    . . .     Faith    .   (shield currently unavailable)
rNeg     . . .     Spirit   .   b - +0 leather armour
rPois    +         Reflect  .   (no helmet)
rElec    .         Harm     .   (no cloak)
rCorr    .         Rampage  .   (no gloves)
Will     .....                  (no barding)
Stlth    +.........             (no amulet)
HPRegen  0.10/turn              (no ring)
MPRegen  0.10/turn              (no ring)

@: lethally poisoned (-1 -> -4), very slow
A: AC +1, large, see invisible, deformed body, poison resistance, slowness 2,
spit poison 1, naga tail 1
a: Spit Poison


You were on level 2 of the Dungeon.
You visited 1 branch of the dungeon, and saw 3 of its levels.

You collected 60 gold pieces.

Inventory:

Hand Weapons
 a - a +0 mace
 g - a +0 hunting sling
 o - a +0 lajatang of pain (weapon)
Missiles
 e - 12 boomerangs of dispersal (quivered)
 f - 25 stones
 m - 11 sling bullets
Armour
 b - a +0 leather armour (worn)
Scrolls
 d - a scroll of blinking
 k - a scroll of teleportation
 q - a scroll of immolation
 r - a scroll of fog
Potions
 c - 3 potions of attraction
 i - a potion of heal wounds {unknown}
 j - a potion of degeneration {unknown}
 n - a potion of curing {unknown}
 p - a potion of brilliance {unknown}


   Skills:
 - Level 2.0 Fighting
 - Level 2.3(2.4) Maces & Flails
 * Level 0.1(1.3) Staves
 - Level 0.8 Throwing
 - Level 1.2 Armour
 + Level 1.7 Dodging
 + Level 2.0 Spellcasting
 * Level 3.4 Translocations


You had one spell level left.
You knew the following spells:

 Your Spells              Type           Power      Damage    Failure   Level
a - Blink                 Tloc           N/A        N/A       11%         2
b - Gell's Gravitas       Tloc           5%         N/A       22%         3

Your spell library contained the following spells:

 Spells                   Type           Power      Damage    Failure   Level
 Lesser Beckoning         Tloc           5%         N/A       22%         3
 Teleport Other           Tloc           11%        N/A       22%         3
 Manifold Assault         Tloc           11%        N/A       89%         5


Dungeon Overview and Level Annotations

Branches:
Dungeon (3/15)

Altars:


Innate Abilities, Weirdness & Mutations

Your serpentine skin is tough. (AC +1)
You have supernaturally acute eyesight. (SInv)
Armour fits poorly on your strangely shaped body.
Your system is resistant to poisons. (rPois)
You cover ground very slowly.
You can spit poison.
You have a snake-like lower body.


Message History

As you read the scroll labelled ZYCU WEMIA, it crumbles to dust.
You speak a Word of immense power!
It was a scroll of holy word.
A goblin comes into view. It is wielding a +0 club.
The goblin shouts!
You slash the goblin!
You kill the goblin!
Found a stone staircase leading down.
You see here a +0 club.
There is a stone staircase leading down here.
You climb downwards.
A rat comes into view.
There is a stone staircase leading up here.
The rat bites you.
You slash the rat!
You kill the rat!
There is a stone staircase leading up here.
You climb upwards.
There is a stone staircase leading down here.
HP restored.
An adder comes into view.
You closely miss the adder. The adder bites you. x2
You closely miss the adder. The adder barely misses you. x2
You miss the adder. The adder bites you.
You closely miss the adder. The adder bites you. x2
You are poisoned.
The adder poisons you!
Your leather armour prevents you from hitting the adder.
You feel sick. The adder misses you. The adder bites you.
You are more poisoned.
The adder poisons you!
You miss the adder.
You feel sick. The adder barely misses you.
Throw: 13 boomerangs (disperse)
Press: ? - help, Q - select action, (/) - cycle Shift-Dir - straight line, f - adder
Aim: an adder (35% to hit)
You throw a boomerang of dispersal.
The boomerang of dispersal completely misses the adder.
You feel sick. The adder bites you.
* * * LOW HITPOINT WARNING * * *
The adder bites you.
You die...

# #.#
#.#####.#.# .
..# #.#
#.#.## # ####
#.#
#....#######.
#.#
#............
#.#
##...#######.
#.# ##.## #.
#.#
#S#######.#
#.@.......#
###########


You could see an adder.

Vanquished Creatures
  4 endoplasms (D:1)
  4 goblins
  2 hobgoblins (D:1)
  3 jackals (D:1)
  2 quokkas
  2 ball pythons (D:1)
  3 bats
  3 frilled lizards (D:1)
  2 kobolds (D:1)
  3 rats
28 creatures vanquished.

Notes
Turn   | Place    | Note
-------+----------+-------------------------------------------
     0 | D:1      | zezblit the Naga Warper began the quest for the Orb.
     0 | D:1      | Reached XP level 1. HP: 19/19 MP: 3/3
   236 | D:1      | Found a faded altar of an unknown god.
   397 | D:1      | Reached XP level 2. HP: 23/26 MP: 5/5
   616 | D:1      | Reached skill level 1 in Armour
  1087 | D:1      | Reached XP level 3. HP: 32/32 MP: 6/6
  1090 | D:1      | Learned a level 2 spell: Blink
  1094 | D:1      | Learned a level 3 spell: Gell's Gravitas
  1400 | D:2      | Identified a scroll of acquirement
  1400 | D:2      | Acquired a +0 lajatang of pain
  1466 | D:2      | Slain by an adder

Illustrated notes

Levels and vault maps discovered:
D:1:      kennysheep_arrival_forest, layout_rooms,
          hellmonk_ecumenical_altar_blasted
D:2:      layout_loops_ring, serial_shops, shop, kennysheep_generic_room_14
D:3:      layout_loops_corners, serial_undead, serial_undead_c, serial_undead_c,
          serial_undead_a, serial_undead_b, serial_undead_b

Skill      XL: |  1  2 |
---------------+-------+-----
Armour         | 1 |  1.2
Fighting       | |  2.0
Maces & Flails | |  2.3
Staves         | |  0.1
Throwing       | |  0.8
Dodging        | |  1.7
Spellcasting   | |  2.0
Translocations | |  3.4

Action                   || total
-------------------------++-------
Melee: Mace              ||    55
       Lajatang          ||     8
Throw: Boomerang         ||     1
 Abil: Spit Poison       ||    20
  Use: Scroll            ||     6
Armor: Leather armour    ||    17
Dodge: Dodged            ||    32

Table legend: (Time is in decaauts)
 A = Elapsed time spent in this place.
 B = Non-inter-level travel time spent in this place.
 C = Inter-level travel time spent in this place.
 D = Time resting spent in this place.
 E = Time spent auto-exploring this place.
 F = Levels seen in this place.
 G = Mean time per level.
                   A        B        C        D        E       F      G
               +--------+--------+--------+--------+--------+-----+--------+
         Total |   1741 |   1612 |    129 |    601 |    673 |   3 |  580.3 |
       Dungeon |   1741 |   1612 |    129 |    601 |    673 |   3 |  580.3 |
               +--------+--------+--------+--------+--------+-----+--------+

Top non-repeatable levels by time:
     D:1: 1429 daAuts
     D:2: 225 daAuts
     D:3: 86 daAuts
